| TOP OF THE 1ST |
|
Jacksonville Suns batting - Pitching for Savannah Indians : RHP Jeffrey Horne
|
|
Pitching: RHP Jeffrey Horne
|
|
|
Batting: SHB Rafael Landestoy
|
0-0: Called Strike 0-1: Ball 1-1: Fly out, F8 (Flyball, 8LD, EV 98.1 MPH)
|
|
Batting: RHB Lyle Brackenridge
|
0-0: Ball 1-0: Ball 2-0: Called Strike 2-1: Foul Ball, location: 2F 2-2: Strikes out swinging
|
|
Batting: LHB Andy Carlton
|
0-0: Called Strike 0-1: Foul Ball, location: 2F 0-2: Ball 1-2: Ball 2-2: Foul Ball, location: 2F 2-2: Foul Ball, location: 2F 2-2: Ground out 6-3 (Groundball, 6S, EV 79.4 MPH)
|
| Top of the 1st over - 0 runs, 0 hits, 0 errors, 0 left on base; Jacksonville 0 - Savannah 0 |
| BOTTOM OF THE 1ST |
|
Savannah Indians batting - Pitching for Jacksonville Suns : LHP Joe W Price
|
|
Pitching: LHP Joe W Price
|
|
|
Batting: RHB Angel Salazar
|
0-0: Ball 1-0: Foul Ball, location: 2F 1-1: Ball 2-1: Ball 3-1: Base on Balls
|
|
Batting: LHB Kelvin Torve
|
0-0: Ball 1-0: Ball 2-0: Foul Ball, location: 2F 2-1: Foul Ball, location: 2F 2-2: Ball 3-2: Base on Balls Angel Salazar to second
|
|
Batting: RHB Jim Paciorek
|
0-0: Ball Angel Salazar steals 3rd base Kelvin Torve to second 1-0: Called Strike 1-1: Ball 2-1: DOUBLE (Line Drive, 7LM, EV 102.5 MPH) Angel Salazar scores Kelvin Torve scores
|
|
Batting: RHB Wade Rowdon
|
0-0: Ball 1-0: Ball 2-0: Swinging Strike 2-1: Called Strike 2-2: Ball 3-2: Ground out 6-3 (Groundball, 6M, EV 78.8 MPH) Jim Paciorek to third
|
|
Batting: RHB Ramiro Gutierrez
|
0-0: DOUBLE (Line Drive, 9LD, EV 102.5 MPH) Jim Paciorek scores
|
|
Batting: LHB Roberto Hernandez
|
0-0: Fly out, F7 (Flyball, 7LD, EV 83.1 MPH)
|
|
Batting: RHB Eddie Vargas
|
0-0: Ball 1-0: Ball 2-0: Foul Ball, location: 2F 2-1: Ball 3-1: Base on Balls
|
|
Batting: RHB Mario Diaz
|
0-0: Ball 1-0: SINGLE (Groundball, 4MD, EV 106.9 MPH) Ramiro Gutierrez to third Eddie Vargas to second Runner from 3rd tries for Home, SAFE, throw by CF to home
|
|
Batting: RHB Dan Plante
|
0-0: Called Strike 0-1: Ball 1-1: Ball 2-1: Ball 3-1: Fielders Choice at 2nd, U4 (Groundball, 4M, EV 90.0 MPH)
|
| Bottom of the 1st over - 4 runs, 3 hits, 0 errors, 2 left on base; Jacksonville 0 - Savannah 4 |
| TOP OF THE 2ND |
|
Jacksonville Suns batting - Pitching for Savannah Indians : RHP Jeffrey Horne
|
|
Batting: RHB Edward Packard
|
0-0: Swinging Strike 0-1: Ball 1-1: Foul Ball, location: 2F 1-2: Ball 2-2: Ball 3-2: Foul Ball, location: 2F 3-2: Foul Ball, location: 2F 3-2: Foul Ball, location: 2F 3-2: Base on Balls
|
|
Batting: LHB Pete M O'Brien
|
0-0: Called Strike 0-1: Foul Ball, location: 2F 0-2: Foul Ball, location: 2F 0-2: Ball 1-2: Fly out, F7 (Flyball, 7LS, EV 90.0 MPH)
|
|
Batting: LHB Donald Elliott
|
0-0: Called Strike 0-1: Ball 1-1: Ball 2-1: Called Strike 2-2: Ground out 4-3 (Groundball, 34S, EV 67.5 MPH) Edward Packard to second
|
|
Batting: LHB Michael Kelly
|
0-0: Ball 1-0: Ball 2-0: Ball Wild Pitch! Edward Packard to third 3-0: Called Strike 3-1: Base on Balls
|
|
Batting: SHB Joe Morales
|
0-0: Foul Ball, location: 2F 0-1: Ball 1-1: Foul Ball, location: 2F 1-2: Strikes out swinging
|
| Top of the 2nd over - 0 runs, 0 hits, 0 errors, 2 left on base; Jacksonville 0 - Savannah 4 |
| BOTTOM OF THE 2ND |
|
Savannah Indians batting - Pitching for Jacksonville Suns : LHP Joe W Price
|
|
Batting: RHB Angel Salazar
|
0-0: Called Strike 0-1: Ground out 5-3 (Groundball, 5, EV 108.8 MPH)
|
|
Batting: LHB Kelvin Torve
|
0-0: Called Strike 0-1: Foul Ball, location: 2F 0-2: Fly out, F7 (Flyball, 7LD, EV 92.5 MPH)
|
|
Batting: RHB Jim Paciorek
|
0-0: Swinging Strike 0-1: SINGLE (Groundball, 56D, EV 99.4 MPH)
|
|
Batting: RHB Wade Rowdon
|
0-0: Called Strike 0-1: Ball 1-1: Swinging Strike 1-2: Foul Ball, location: 2F 1-2: Foul Ball, location: 2F 1-2: SINGLE (Groundball, 56S, EV 66.3 MPH) (infield hit) Jim Paciorek to second
|
|
Batting: RHB Ramiro Gutierrez
|
0-0: Ball 1-0: Ball 2-0: SINGLE (Groundball, 4D, EV 94.4 MPH) Jim Paciorek to third Wade Rowdon to second Runner from 3rd tries for Home, SAFE, throw by RF to home
|
|
Batting: LHB Roberto Hernandez
|
0-0: Called Strike 0-1: Ball 1-1: Ball 2-1: Ball 3-1: Base on Balls Wade Rowdon to third Ramiro Gutierrez to second
|
|
Batting: RHB Eddie Vargas
|
0-0: Swinging Strike 0-1: Called Strike 0-2: Foul Ball, location: 2F 0-2: Ball 1-2: Ball 2-2: Foul Ball, location: 2F 2-2: Strikes out swinging
|
| Bottom of the 2nd over - 1 run, 3 hits, 0 errors, 3 left on base; Jacksonville 0 - Savannah 5 |
| TOP OF THE 3RD |
|
Jacksonville Suns batting - Pitching for Savannah Indians : RHP Jeffrey Horne
|
|
Batting: RHB Henry Powell
|
0-0: Swinging Strike 0-1: Ball 1-1: Called Strike 1-2: Foul Ball, location: 2F 1-2: Strikes out looking
|
|
Batting: SHB Rafael Landestoy
|
0-0: Ball 1-0: Ball 2-0: Fly out, F7 (Flyball, 78D, EV 93.8 MPH)
|
|
Batting: RHB Lyle Brackenridge
|
0-0: Called Strike 0-1: Ball 1-1: Ball 2-1: Reached on error, E4 (Groundball, 4, EV 91.9 MPH)
|
|
Batting: LHB Andy Carlton
|
0-0: Ball Lyle Brackenridge steals 2nd base 1-0: Ball 2-0: Called Strike 2-1: Ball 3-1: Called Strike 3-2: Fly out, F8 (Flyball, 78XD, EV 85.6 MPH)
|
| Top of the 3rd over - 0 runs, 0 hits, 1 error, 1 left on base; Jacksonville 0 - Savannah 5 |
| BOTTOM OF THE 3RD |
|
Savannah Indians batting - Pitching for Jacksonville Suns : LHP Joe W Price
|
|
Batting: RHB Mario Diaz
|
0-0: Called Strike 0-1: Ball 1-1: Fly out, F7 (Flyball, 78D, EV 90.0 MPH)
|
|
Batting: RHB Dan Plante
|
0-0: Called Strike 0-1: Ball 1-1: Foul Ball, location: 2F 1-2: Foul Ball, location: 2F 1-2: Foul Ball, location: 2F 1-2: Strikes out swinging
|
|
Batting: RHB Angel Salazar
|
0-0: SINGLE (Groundball, 25, EV 77.5 MPH) (infield hit)
|
|
Batting: LHB Kelvin Torve
|
0-0: Ball Angel Salazar steals 2nd base (no throw) 1-0: Called Strike 1-1: Ball 2-1: Called Strike 2-2: Ball 3-2: Foul Ball, location: 2F 3-2: Fly out, F7 (Flyball, 78D, EV 90.0 MPH)
|
| Bottom of the 3rd over - 0 runs, 1 hit, 0 errors, 1 left on base; Jacksonville 0 - Savannah 5 |
| TOP OF THE 4TH |
|
Jacksonville Suns batting - Pitching for Savannah Indians : RHP Jeffrey Horne
|
|
Batting: RHB Edward Packard
|
0-0: Ball 1-0: Foul Ball, location: 2F 1-1: Foul Ball, location: 2F 1-2: DOUBLE (Line Drive, 78M, EV 108.8 MPH)
|
|
Batting: LHB Pete M O'Brien
|
0-0: Fly out, F8 (Flyball, 78D, EV 101.9 MPH)
|
|
Batting: LHB Donald Elliott
|
0-0: Swinging Strike 0-1: Swinging Strike 0-2: Ground out U3 (Groundball, 3, EV 93.8 MPH) Edward Packard to third
|
|
Batting: LHB Michael Kelly
|
0-0: Ball 1-0: Called Strike 1-1: Ball 2-1: Ball 3-1: Base on Balls
|
|
Batting: SHB Joe Morales
|
0-0: Ground out 4-3 (Groundball, 4, EV 87.5 MPH)
|
| Top of the 4th over - 0 runs, 1 hit, 0 errors, 2 left on base; Jacksonville 0 - Savannah 5 |
| BOTTOM OF THE 4TH |
|
Savannah Indians batting - Pitching for Jacksonville Suns : LHP Joe W Price
|
|
Batting: RHB Jim Paciorek
|
0-0: Ball 1-0: DOUBLE (Flyball, 8LXD, EV 98.1 MPH)
|
|
Batting: RHB Wade Rowdon
|
0-0: Called Strike 0-1: Ball 1-1: Called Strike 1-2: Ball 2-2: Strikes out looking
|
|
Batting: RHB Ramiro Gutierrez
|
0-0: Swinging Strike 0-1: Ball 1-1: Ball 2-1: Called Strike 2-2: Strikes out swinging
|
|
Batting: LHB Roberto Hernandez
|
0-0: Foul Ball, location: 2F 0-1: Ball 1-1: Foul Ball, location: 2F 1-2: Ball 2-2: Foul Ball, location: 2F 2-2: Ball 3-2: Ground out U3 (Groundball, 34, EV 85.6 MPH)
|
| Bottom of the 4th over - 0 runs, 1 hit, 0 errors, 1 left on base; Jacksonville 0 - Savannah 5 |
| TOP OF THE 5TH |
|
Jacksonville Suns batting - Pitching for Savannah Indians : RHP Jeffrey Horne
|
|
Batting: RHB Henry Powell
|
0-0: Called Strike 0-1: Foul Ball, location: 2F 0-2: Ball 1-2: Fly out, F9 (Flyball, 89S, EV 76.3 MPH)
|
|
Batting: SHB Rafael Landestoy
|
0-0: Ball 1-0: Ball 2-0: Foul Ball, location: 2F 2-1: Foul Ball, location: 2F 2-2: Ball 3-2: Base on Balls
|
|
Batting: RHB Lyle Brackenridge
|
0-0: Foul Ball, location: 2F 0-1: Ball 1-1: Called Strike Rafael Landestoy steals 2nd base 1-2: Ball 2-2: Ball 3-2: Base on Balls
|
|
Batting: LHB Andy Carlton
|
0-0: Ball 1-0: Ball 2-0: Called Strike 2-1: Called Strike 2-2: Grounds into double play, 4-6-3 (Groundball, 4, EV 105.0 MPH)
|
| Top of the 5th over - 0 runs, 0 hits, 0 errors, 1 left on base; Jacksonville 0 - Savannah 5 |
| BOTTOM OF THE 5TH |
|
Savannah Indians batting - Pitching for Jacksonville Suns : LHP Joe W Price
|
|
Batting: RHB Eddie Vargas
|
0-0: Ball 1-0: Foul Ball, location: 2F 1-1: SOLO HOME RUN (Flyball, 78XD, EV 112.5 MPH), Distance : 417 ft
|
|
Batting: RHB Mario Diaz
|
0-0: Ball 1-0: Called Strike 1-1: Ball 2-1: Called Strike 2-2: Foul Ball, location: 2F 2-2: Ground out 4-3 (Groundball, 34, EV 99.4 MPH)
|
|
Batting: RHB Dan Plante
|
0-0: Ball 1-0: Ball 2-0: Ground out 6-3 (Groundball, 6, EV 88.8 MPH)
|
|
Batting: RHB Angel Salazar
|
0-0: Called Strike 0-1: Ball 1-1: Foul Ball, location: 2F 1-2: Ball 2-2: Ball 3-2: Ground out 5-3 (Groundball, 56, EV 101.9 MPH)
|
| Bottom of the 5th over - 1 run, 1 hit, 0 errors, 0 left on base; Jacksonville 0 - Savannah 6 |
| TOP OF THE 6TH |
|
Jacksonville Suns batting - Pitching for Savannah Indians : RHP Jeffrey Horne
|
|
Batting: RHB Edward Packard
|
0-0: Called Strike 0-1: Ball 1-1: Foul Ball, location: 2F 1-2: Strikes out swinging
|
|
Batting: LHB Pete M O'Brien
|
0-0: Ball 1-0: Ball 2-0: Called Strike 2-1: Ball 3-1: Swinging Strike 3-2: Ground out U3 (Groundball, 34, EV 78.8 MPH)
|
|
Batting: LHB Donald Elliott
|
0-0: Ball 1-0: Fly out, F9 (Flyball, 89S, EV 91.3 MPH)
|
| Top of the 6th over - 0 runs, 0 hits, 0 errors, 0 left on base; Jacksonville 0 - Savannah 6 |
| BOTTOM OF THE 6TH |
|
Savannah Indians batting - Pitching for Jacksonville Suns : LHP Joe W Price
|
|
Pitching: RHP Rick A Anderson
|
|
|
Batting: LHB Kelvin Torve
|
0-0: Foul Ball, location: 2F 0-1: Ball 1-1: Ball 2-1: Called Strike 2-2: Ball 3-2: Strikes out swinging
|
|
Batting: RHB Jim Paciorek
|
0-0: Called Strike 0-1: Ground out 6-3 (Groundball, 6, EV 98.1 MPH)
|
|
Batting: RHB Wade Rowdon
|
0-0: Called Strike 0-1: Ball 1-1: Ball 2-1: Foul Ball, location: 2F 2-2: Foul Ball, location: 2F 2-2: Ball 3-2: SOLO HOME RUN (Line Drive, 7D, EV 96.3 MPH), Distance : 366 ft
|
|
Batting: RHB Ramiro Gutierrez
|
0-0: SINGLE (Groundball, 6MD, EV 94.4 MPH)
|
|
Batting: LHB Roberto Hernandez
|
0-0: Ball 1-0: Called Strike 1-1: Foul Ball, location: 2F 1-2: Ball Ramiro Gutierrez steals 2nd base 2-2: Ground out 5-3 (Groundball, 56S, EV 80.6 MPH)
|
| Bottom of the 6th over - 1 run, 2 hits, 0 errors, 1 left on base; Jacksonville 0 - Savannah 7 |
| TOP OF THE 7TH |
|
Jacksonville Suns batting - Pitching for Savannah Indians : RHP Jeffrey Horne
|
|
Pinch Hitting: LHB Bobby Barron
|
0-0: Ball 1-0: Called Strike 1-1: Foul Ball, location: 2F 1-2: Strikes out swinging
|
|
Batting: SHB Joe Morales
|
0-0: Ball 1-0: Ball 2-0: DOUBLE (Groundball, 3L, EV 106.9 MPH)
|
|
Batting: RHB Henry Powell
|
0-0: Ball 1-0: Ball 2-0: Fly out, F7 (Flyball, 78M, EV 80.0 MPH)
|
|
Pinch Hitting: LHB John Millholland
|
0-0: Called Strike 0-1: Ball 1-1: Ball 2-1: Ball 3-1: Base on Balls
|
|
Pinch Hitting: RHB Kevin Coughlon
|
0-0: SINGLE (Line Drive, 4MD, EV 95.0 MPH) Joe Morales to third John Millholland to second Runner from 3rd tries for Home, SAFE, throw by CF to home
|
|
Batting: LHB Andy Carlton
|
0-0: Ball 1-0: Called Strike 1-1: Ball 2-1: SINGLE (Flyball, 4D, EV 89.4 MPH) John Millholland to third Kevin Coughlon to second Runner from 3rd tries for Home, SAFE, throw by RF to home
|
|
Batting: RHB Edward Packard
|
0-0: Ball 1-0: Fly out, F9 (Flyball, 89D, EV 90.0 MPH)
|
| Top of the 7th over - 2 runs, 3 hits, 0 errors, 2 left on base; Jacksonville 2 - Savannah 7 |
| BOTTOM OF THE 7TH |
|
Savannah Indians batting - Pitching for Jacksonville Suns : RHP Rick A Anderson
|
|
Now at 2B: John Millholland
|
|
|
Now in LF: Kevin Coughlon
|
|
|
Now in RF: Bobby Barron
|
|
|
Batting: RHB Eddie Vargas
|
0-0: Called Strike 0-1: Ball 1-1: Ground out 2-3 (Groundball, 15S, EV 65.6 MPH)
|
|
Batting: RHB Mario Diaz
|
0-0: Ball 1-0: Ball 2-0: Ball 3-0: Ground out 5-3 (Groundball, 56S, EV 84.4 MPH)
|
|
Batting: RHB Dan Plante
|
0-0: Ball 1-0: Foul Ball, location: 2F 1-1: SINGLE (Groundball, 4MD, EV 104.4 MPH)
|
|
Batting: RHB Angel Salazar
|
0-0: Ball 1-0: TRIPLE (Flyball, 78XD, EV 109.4 MPH) Dan Plante scores
|
|
Batting: LHB Kelvin Torve
|
0-0: Ball 1-0: Ball 2-0: Swinging Strike 2-1: Ball 3-1: Ground out U3 (Groundball, 3D, EV 88.1 MPH)
|
| Bottom of the 7th over - 1 run, 2 hits, 0 errors, 1 left on base; Jacksonville 2 - Savannah 8 |
| TOP OF THE 8TH |
|
Jacksonville Suns batting - Pitching for Savannah Indians : RHP Jeffrey Horne
|
|
Pitching: RHP Jack G Hardy
|
|
|
Batting: LHB Pete M O'Brien
|
0-0: Fly out, F7 (Line Drive, 7D, EV 98.1 MPH)
|
|
Batting: LHB Donald Elliott
|
0-0: Ball 1-0: Called Strike 1-1: Swinging Strike 1-2: Ball 2-2: Strikes out swinging
|
|
Batting: LHB Bobby Barron
|
0-0: Called Strike 0-1: Swinging Strike 0-2: Fly out, F6 (Popup, 6M, EV 78.8 MPH)
|
| Top of the 8th over - 0 runs, 0 hits, 0 errors, 0 left on base; Jacksonville 2 - Savannah 8 |
| BOTTOM OF THE 8TH |
|
Savannah Indians batting - Pitching for Jacksonville Suns : RHP Rick A Anderson
|
|
Batting: RHB Jim Paciorek
|
0-0: Called Strike 0-1: Ball 1-1: Ball 2-1: Ball 3-1: Swinging Strike 3-2: Foul Ball, location: 2F 3-2: DOUBLE (Line Drive, 78D, EV 110.6 MPH)
|
|
Batting: RHB Wade Rowdon
|
0-0: Ball 1-0: Ball 2-0: Swinging Strike 2-1: Foul Ball, location: 2F 2-2: Strikes out swinging
|
|
Batting: RHB Ramiro Gutierrez
|
0-0: Called Strike 0-1: Foul Ball, location: 2F 0-2: 2-RUN HOME RUN (Flyball, 78XD, EV 95.6 MPH), Distance : 418 ft
|
|
Batting: LHB Roberto Hernandez
|
0-0: Ball 1-0: Ball 2-0: Ball 3-0: Base on Balls
|
|
Batting: RHB Eddie Vargas
|
0-0: Ball 1-0: Swinging Strike 1-1: Ball 2-1: Fly out, F8 (Flyball, 78XD, EV 89.4 MPH)
|
|
Pinch Hitting: RHB Dave Engle
|
0-0: Foul Ball, location: 2F 0-1: Ball 1-1: Swinging Strike 1-2: Ball 2-2: Ball 3-2: Base on Balls Roberto Hernandez to second
|
|
Batting: RHB Dan Plante
|
0-0: Ball 1-0: Ball 2-0: Called Strike 2-1: Ground out 4-3 (Groundball, 34, EV 77.5 MPH)
|
| Bottom of the 8th over - 2 runs, 2 hits, 0 errors, 2 left on base; Jacksonville 2 - Savannah 10 |
| TOP OF THE 9TH |
|
Jacksonville Suns batting - Pitching for Savannah Indians : RHP Jack G Hardy
|
|
Now at 3B: Dave Engle
|
|
|
Batting: SHB Joe Morales
|
0-0: Ball 1-0: Ball 2-0: Called Strike 2-1: Swinging Strike 2-2: Strikes out swinging
|
|
Batting: RHB Henry Powell
|
0-0: Ball 1-0: Called Strike 1-1: Called Strike 1-2: Ball 2-2: Foul Ball, location: 2F 2-2: Ball 3-2: Base on Balls
|
|
Batting: LHB John Millholland
|
0-0: Fly out, F9 (Flyball, 89M, EV 89.4 MPH)
|
|
Pinch Hitting: LHB Michael Brown
|
0-0: Ball 1-0: Ball 2-0: Ball 3-0: Called Strike 3-1: Called Strike 3-2: Strikes out swinging
|
| Top of the 9th over - 0 runs, 0 hits, 0 errors, 1 left on base; Jacksonville 2 - Savannah 10 |
|